 Dungeon Crawl Stone Soup version 0.18-a0-1041-gbe91bf5 (webtiles) character file.

40 4thArraOfDagon the Gusty (level 3, 0/26 HPs)
             Began as a Centaur Air Elementalist on Jan 10, 2016.
             Was an Initiate of Yredelemnul.
             Slain by an ooze (3 damage)
             ... in a sewer.
             The game lasted 00:04:50 (821 turns).

4thArraOfDagon the Gusty (Centaur Air Elementalist)  Turns: 821, Time: 00:04:50

Health: 0/26       AC:  5    Str: 10    XL:     3   Next: 30%
Magic:  2/5        EV:  9    Int: 15    God:    Yredelemnul [......]
Gold:   30         SH:  0    Dex:  9    Spells: 3 memorised, 0 levels left

rFire  . . .     SeeInvis .     e - +0 dagger (curse)
rCold  . . .     Gourm    .     a - +1 robe
rNeg   . . .     Faith    .     (no shield)
rPois  .         Spirit   .     (no helmet)
rElec  .         Dismiss  .     (no cloak)
rCorr  .         Reflect  .     (no gloves)
SustAt .         Harm     .     (no barding)
MR     .....                    (no amulet)
Stlth  ++........               (no ring)
                                f - ring of stealth

@: very slightly contaminated, repel missiles, very quick, not resistant to
hostile enchantments, unstealthy
A: hooves 3, deformed body, speed 2, tough skin 3
a: Renounce Religion


You were in a sewer.
You worshipped Yredelemnul.
Yredelemnul was noncommittal.
You were not hungry.

You visited 2 branches of the dungeon, and saw 5 of its levels.
You also visited: Sewer.

You collected 30 gold pieces.

Inventory:

Hand Weapons
 e - a cursed +0 dagger (weapon)
 h - a +0 spear
Armour
 a - a +1 robe (worn)
 g - a +2 ring mail of cold resistance
Jewellery
 f - a ring of stealth (left hand)
Potions
 d - 2 potions of curing {unknown}
 i - a potion of lignification {unknown}
Books
 b - a book of Air

   Spells                             Type                      Level
   a - Shock                          Conjuration/Air              1
   b - Swiftness                      Charms/Air                   2
   c - Repel Missiles                 Charms/Air                   2
   d - Static Discharge               Conjuration/Air              3
   e - Lightning Bolt                 Conjuration/Air              5
Comestibles
 c - 3 bread rations
 j - 2 chunks of flesh


   Skills:
 - Level 1.3 Dodging
 - Level 1.2 Stealth
 + Level 1.8 Spellcasting
 * Level 1.7 Conjurations
 * Level 3.4 Air Magic


You couldn't memorise any spells.
You knew the following spells:

 Your Spells              Type           Power        Failure   Level  Hunger
a - Shock                 Conj/Air       #...         10%         1    ##.....
b - Repel Missiles        Chrm/Air       #.....       17%         2    ###....
c - Swiftness             Chrm/Air       #.......     17%         2    ###....


Dungeon Overview and Level Annotations

Branches:
Dungeon (4/15)             Temple (1/1) D:4

Altars:
Dithmenos
Elyvilon
Kikubaaqudgha
Makhleb
Nemelex Xobeh
Okawaru
Pakellas
Qazlal
Ru
Trog
Vehumet
Yredelemnul
The Shining One

Annotations:
D:3 totalnoob's ghost, amateur CeFi


Innate Abilities, Weirdness & Mutations

You have hooves in place of feet.
Armour fits poorly on your strangely shaped body.
You cover ground very quickly.
You have extremely tough skin (AC +3).


Message History

Unknown command.
You hit the ooze. You kick the ooze.
The ooze is heavily wounded.
The ooze completely misses you.
You hit the ooze.
The ooze is severely wounded.
The ooze hits you.
* * * LOW HITPOINT WARNING * * *
You barely miss the ooze.
The ooze is severely wounded.
The ooze hits you but does no damage.
You hit the ooze.
The ooze is almost dead.
The ooze hits you.
* * * LOW HITPOINT WARNING * * *
You barely miss the ooze.
The ooze is almost dead.
The ooze hits you.
You die...
Your body rises from the dead as a mindless zombie.

≈ ####### ≈≈.
#≈≈≈≈≈#####≈.≈≈#####
#≈≈≈≈≈≈≈@Jl≈####≈≈∩#
#.≈≈#########≈...≈#
#≈≈≈.≈≈≈≈≈≈≈..∩.###
#≈≈≈≈.≈≈≈≈†.#####
#############


You could see an ooze and a giant newt.

Vanquished Creatures
  An adder (D:2)
  2 giant geckos
  2 ball pythons
  6 giant cockroaches
  3 goblins
  3 hobgoblins (D:1)
  3 bats (D:1)
  5 giant newts
  4 rats
29 creatures vanquished.

Notes
Turn   | Place    | Note
--------------------------------------------------------------
     0 | D:1      | 4thArraOfDagon the Centaur Air Elementalist began the quest for the Orb.
     0 | D:1      | Reached XP level 1. HP: 14/14 MP: 3/3
    18 | D:1      | Reached skill level 1 in Conjurations
   161 | D:1      | Reached XP level 2. HP: 12/20 MP: 0/4
   243 | D:2      | Reached skill level 3 in Air Magic
   307 | D:3      | Noticed totalnoob's ghost (amateur CeFi)
   330 | D:2      | Found a shadowy altar of Dithmenos.
   497 | D:4      | Learned a level 2 spell: Repel Missiles
   509 | D:4      | Noticed a phantom
   556 | D:4      | Found a staircase to the Ecumenical Temple.
   565 | Temple   | Entered the Ecumenical Temple
   594 | Temple   | Became a worshipper of Yredelemnul the Dark
   617 | D:4      | Reached XP level 3. HP: 16/26 MP: 5/5
   648 | D:4      | Learned a level 2 spell: Swiftness
   678 | D:4      | Found a glowing drain.
   726 | Sewer    | Entered a sewer
   821 | Sewer    | Slain by an ooze

Vault maps used:
D:1:      minmay_arrival_plants_in_alcoves
D:2:      lemuel_blue_sif_altar, lemuel_doored_altar, nicolae_gozag_seed_capital
D:3:      zin_statuary, first_bread, minmay_misc_feat_plants
D:4:      minmay_temple_entry_mist, portal_sewer_entry_f
Temple:   triangle_lava_temple_12
Sewer:    sewer_frog_island_02

Action                   || total
-------------------------++-------
Melee: Dagger            ||    66
       Unarmed           ||    12
 Cast: Shock             ||    28
       Repel Missiles    ||     1
  Use: Scroll            ||     3
